 Dungeon Crawl Stone Soup version 0.16-a0-1157-gec61f8e (webtiles) character file.

100 Bubba the Charmwright (level 4, -1/30 HPs)
             Began as a High Elf Skald on Oct 8, 2014.
             Slain by an orc
             ... wielding a cursed -1 short sword
              (3 damage)
             ... on level 3 of the Dungeon.
             The game lasted 00:14:03 (2386 turns).

Bubba the Charmwright (High Elf Skald)              Turns: 2386, Time: 00:14:05

Health: -1/30      AC:  3    Str: 11    XL:     4   Next: 46%
Magic:  10/21      EV: 10    Int: 15    God:
Gold:   135        SH:  0    Dex: 16    Spells: 3 memorised, 4 levels left

rFire  . . .     SeeInvis .     a - +0 falchion
rCold  . . .     Clarity  .     b - +0 leather armour
rNeg   . . .     SustAb   .     (no shield)
rPois  .         Gourm    .     (no helmet)
rElec  .         Spirit   .     (no cloak)
rCorr  .         Warding  .     (no gloves)
rMut   .         Stasis   .     (no boots)
MR     .....                    (no amulet)
Stlth  +.........               (no ring)
                                l - ring of magical power

@: not resistant to hostile enchantments, very unstealthy
A: no striking features
a: no special abilities


You were on level 3 of the Dungeon.
You were not hungry.

You visited 1 branch of the dungeon, and saw 3 of its levels.

You collected 135 gold pieces.

Inventory:

Hand weapons
 a - a +0 falchion (weapon)
 j - a +0 quarterstaff of crushing
 s - a +0 great sword
 C - a +3 dagger of protection
Missiles
 f - 27 stones (quivered)
 o - 17 sling bullets
Armour
 b - a +0 leather armour (worn)
 e - a +1 scale mail
 w - a +0 ring mail
Comestibles
 d - 3 bread rations
 g - a slice of pizza
 h - 2 meat rations
 q - 2 beef jerkies
 t - 3 rotting chunks of hobgoblin flesh
 v - a chunk of worm flesh
 x - a chunk of rat flesh
 z - 3 chunks of jackal flesh
 A - 2 chunks of jackal flesh
Scrolls
 m - a scroll of enchant armour
 n - a scroll of teleportation
 p - a scroll of blinking
Jewellery
 i - an uncursed amulet of clarity
 l - a ring of magical power (left hand)
Potions
 k - a potion of agility {unknown}
 r - a potion of invisibility {unknown}
Books
 c - a book of Battle

   Spells                             Type                      Level
   *Infusion                          Charms                       1
   *Shroud of Golubria                Charms/Translocation         2
   *Song of Slaying                   Charms                       2
   Spectral Weapon                    Hexes/Charms                 3
   Regeneration                       Charms/Necromancy            3


   Skills:
 + Level 2.8 Fighting
 * Level 4.0 Long Blades
 - Level 0.8 Armour
 - Level 1.1 Dodging
 + Level 3.1 Spellcasting
 + Level 4.3 Charms


You had 4 spell levels left.
You knew the following spells:

 Your Spells              Type           Power        Failure   Level  Hunger
a - Infusion              Chrm           ###...       3%          1    #......
b - Song of Slaying       Chrm           ###.....     6%          2    ##.....
c - Shroud of Golubria    Chrm/Tloc      #.........   14%         2    ##.....


Dungeon Overview and Level Annotations

Branches:
Dungeon (3/15)

Altars:
Dithmenos


Message History

You barely miss the orc.
The orc is heavily wounded.
Your song has ended.
The orc barely misses you. The orc closely misses you.
You closely miss the orc.
The orc is heavily wounded.
The orc closely misses you.
You hit the orc.
The orc is heavily wounded.
The orc misses you.
You closely miss the orc.
The orc is heavily wounded.
The orc closely misses you.
You hit the orc.
The orc is severely wounded.
The orc priest calls down the wrath of Beogh upon you.
Something smites you!
* * * LOW HITPOINT WARNING * * *
The orc hits you with a short sword.
You die...

#.# #.# #.#
########## #.#
#...%....# #.#
#)######.# #.# #.#
#.# #.# #.###
##...l###.######.#
#..[.
.....oKo@......#.#
#####
###..o###.####.#.#
## #.# #.# #.# #.#
..# #.# ###
#.########
#.........
##########


You could see an orc priest, 2 orcs, a kobold and a giant newt.

Vanquished Creatures
  2 adders
  3 worms
  A giant gecko (D:2)
  2 orcs (D:3)
  3 giant cockroaches
  9 goblins
  7 hobgoblins
  9 jackals
  An ooze (D:2)
  A quokka (D:2)
  3 bats
  3 giant newts
  3 kobolds
  9 rats
56 creatures vanquished.

Notes
Turn   | Place    | Note
--------------------------------------------------------------
     0 | D:1      | Bubba, the High Elf Skald, began the quest for the Orb.
     0 | D:1      | Reached XP level 1. HP: 14/14 MP: 4/4
   232 | D:2      | Reached XP level 2. HP: 20/20 MP: 1/6
   763 | D:1      | Learned a level 2 spell: Song of Slaying
   868 | D:1      | Reached skill level 4 in Charms
  1050 | D:2      | Reached XP level 3. HP: 16/25 MP: 8/8
  1507 | D:2      | Found a shadowy altar of Dithmenos.
  1862 | D:2      | Reached XP level 4. HP: 22/30 MP: 12/12
  1866 | D:2      | Learned a level 2 spell: Shroud of Golubria
  2386 | D:3      | Slain by an orc

Action                   |  1- 3 |  4- 6 || total
-------------------------+-------+-------++-------
Melee: Falchion          |   114 |    51 ||   165
       Quarterstaff      |     8 |       ||     8
 Cast: Infusion          |    23 |     5 ||    28
       Song of Slaying   |    11 |     5 ||    16
       Shroud of Golubri |       |     3 ||     3
  Use: Scroll            |     7 |     1 ||     8
       Potion            |       |     2 ||     2
  Eat: Chunk             |     4 |     2 ||     6
